 Dungeon Crawl Stone Soup version 0.31-a0-233-g139696dc86 (webtiles) character file.

Game seed: 14153701778678701893

102 qw the Shooter (level 4, -3/26 HPs)
             Began as a Gargoyle Hexslinger on July 8, 2023.
             Slain by a gnoll
             ... wielding a +0 whip
              (4 damage)
             ... on level 3 of the Dungeon.
             The game lasted 00:00:38 (1942 turns).

qw the Shooter (Gargoyle Hexslinger)                Turns: 1942, Time: 00:00:38

Health: -3/26      AC:  6    Str: 12    XL:     4   Next: 77%
Magic:  5/5        EV: 11    Int: 13    God:
Gold:   167        SH:  0    Dex: 14    Spells: 4/5 levels left

rFire   . . .        Y - +1 sling
rCold   . . .        (no shield)
rNeg    + . .        e - +0 leather armour
rPois   inf          (no helmet)
rElec   +            (no cloak)
rCorr   .            (no gloves)
SInv    .            (no boots)
Will    .....        (no amulet)
Stlth   +            (no ring)
HPRegen 0.24/turn    (no ring)
MPRegen 0.09/turn

%: no passive effects
@: no status effects
A: sickness immunity, AC +3, negative energy resistance 1, electricity
resistance, torment resistance 1, petrification resistance
a: no special abilities


You were on level 3 of the Dungeon.
You visited 1 branch of the dungeon, and saw 3 of its levels.

You collected 167 gold pieces.


Innate Abilities, Weirdness & Mutations

You are immune to sickness and miasma.
Your stone body is resilient. (AC +3)
You are immune to poison.
You resist negative energy. (rN+)
You are resistant to electric shocks. (rElec)
You are resistant to unholy torment.
You are immune to petrification.


   Skills:
 - Level 2.2 Fighting
 + Level 4.4 Ranged Weapons
 - Level 1.5 Dodging
 - Level 1.0 Spellcasting
 - Level 2.6 Hexes


You had 4 spell levels left.
You knew the following spells:

 Your Spells              Type           Power      Damage    Failure   Level
a - Slow                  Hex            28%        N/A       12%         1

Your spell library contained the following spells:

 Spells                   Type           Power      Damage    Failure   Level
 Inner Flame              Hex/Fire       4%         N/A       52%         3
 Portal Projectile        Hex/Tloc       8%         N/A       52%         3
 Cause Fear               Hex            3%         N/A       75%         4

Inventory:

Hand Weapons
 Y - a +1 sling (weapon)
Armour
 e - a +0 leather armour (worn)
Jewellery
 b - a +5 ring of evasion
 d - a ring of positive energy
Scrolls
 a - 2 scrolls of identify
Potions
 c - a potion of curing
 i - a potion of attraction {unknown}

Dungeon Overview and Level Annotations

Branches:
Dungeon (3/15)

Altars:


Message History

You shoot a sling bullet. The sling bullet hits the gnoll.
You kill the gnoll!
You shoot a sling bullet.
The sling bullet closely misses the gnoll.
You hear an angry hiss.
The gnoll hits you but does no damage. The gnoll barely misses you.
You shoot a sling bullet.
The sling bullet barely misses the gnoll.
You hear an angry hiss.
The gnoll hits you with a +0 whip. The gnoll hits you with a +0 flail.
You shoot a sling bullet. The sling bullet hits the gnoll.
The gnoll is moderately wounded.
You shoot a sling bullet. The sling bullet hits the gnoll.
The gnoll is heavily wounded.
The gnoll hits you with a +0 whip. The gnoll barely misses you.
The gnoll hits you with a +0 flail.
You shoot a sling bullet. The sling bullet hits the gnoll.
You kill the gnoll!
The gnoll barely misses you.
You shoot a sling bullet. The sling bullet hits the gnoll.
The gnoll is moderately wounded.
You shoot a sling bullet. The sling bullet hits the gnoll.
The gnoll is moderately wounded.
A ball python comes into view.
The gnoll barely misses you. The gnoll hits you with a +0 whip.
The ball python moves out of view.
You shoot a sling bullet. The sling bullet hits the gnoll.
The gnoll is heavily wounded.
The gnoll closely misses you. x2; The gnoll hits you with a +0 whip. x2
You shoot a sling bullet. The sling bullet hits the gnoll.
The gnoll is severely wounded.
The gnoll hits you but does no damage. The gnoll barely misses you.
You shoot a sling bullet.
The sling bullet hits the gnoll but does no damage.
The gnoll is severely wounded.
The gnoll hits you with a +0 whip. The gnoll barely misses you.
You shoot a sling bullet. The sling bullet hits the gnoll.
The gnoll is almost dead.
The gnoll hits you with a +0 whip.
You die...

#......####.#.# #
#......####.#.# .
#.........#.#.# #.
#..........<..# #.
####'#........####.
#.#.......#.....
#.........#.....
#######.......#.....
#>g@.............#..
#.....g########......#..
#.....S .............
#...... ####.....##..
....... #.....####
....... ####### ...#...
...#...


You could see 2 gnolls and a ball python.

Vanquished Creatures
  2 gnolls (D:3)
  4 adders
  2 dart slugs
  3 ball pythons
  3 bats (D:1)
  8 endoplasms
  A giant cockroach (D:3)
  5 goblins
  5 hobgoblins
  2 kobolds
  2 quokkas
  3 rats
40 creatures vanquished.

Notes
Turn   | Place    | Note
-------+----------+-------------------------------------------
     0 | D:1      | qw the Gargoyle Hexslinger began the quest for the Orb.
     0 | D:1      | Reached XP level 1. HP: 12/12 MP: 2/2
     0 | D:1      | 0 ||| qw: Version: 0.3-a-46-gb1f654a
     0 | D:1      | 0 ||| qw: Game counter: 3648
     0 | D:1      | 0 ||| qw: Melee chars always use a shield: true
     0 | D:1      | 0 ||| qw: God list: Okawaru
     0 | D:1      | 0 ||| qw: Allow faded altars: false
     0 | D:1      | 0 ||| qw: Do Orc after clearing Dungeon:15 true
     0 | D:1      | 0 ||| qw: Do second Lair branch before Depths: true
     0 | D:1      | 0 ||| qw: Lair rune preference: random
     0 | D:1      | 0 ||| qw: Goals: Normal
     0 | D:1      | 0 ||| PLANNING D:1-11
   230 | D:1      | Reached XP level 2. HP: 16/16 MP: 3/3
   347 | D:1      | Reached skill level 3 in Ranged Weapons
   832 | D:1      | 832 ||| UPGRADING to +0 leather armour.
   842 | D:1      | 842 ||| DROPPING +0 robe.
   843 | D:1      | 843 ||| DRINKING 2 fizzy black potions.
   844 | D:1      | 844 ||| DROPPING scroll of poison.
   884 | D:2      | 884 ||| STAIRDANCE
   887 | D:1      | HP: 3/16 [adder (4)]
   887 | D:1      | HP: 1/16 [adder (2)]
   888 | D:1      | 888 ||| DRINKING potion of heal wounds.
   890 | D:1      | Reached XP level 3. HP: 21/21 MP: 4/4
   905 | D:1      | HP: 5/21 [goblin/+0 dagger (3)]
  1391 | D:2      | Reached XP level 4. HP: 26/26 MP: 5/5
  1661 | D:2      | Found a faded altar of an unknown god.
  1704 | D:2      | 1704 ||| READING 3 scrolls labelled FEYMMU PEWEU.
  1705 | D:2      | 1705 ||| READING scroll labelled OPSUWU DEIWNE.
  1710 | D:2      | 1710 ||| READING scroll labelled APOM DEDIC.
  1711 | D:2      | 1711 ||| READING scroll labelled BUSCHE GUH YREOBBOU.
  1712 | D:2      | 1712 ||| DRINKING 2 purple potions.
  1713 | D:2      | 1713 ||| READING 2 scrolls of identify.
  1713 | D:2      | 1713 ||| IDENTIFYING fuming yellow potion
  1714 | D:2      | 1714 ||| DROPPING potion of ambrosia.
  1752 | D:3      | Reached skill level 4 in Ranged Weapons
  1939 | D:3      | HP: 4/26 [gnoll/+0 whip (5)]
  1941 | D:3      | HP: 1/26 [gnoll/+0 whip (1)]
  1942 | D:3      | Slain by a gnoll

Levels and vault maps discovered:
D:1:      eino_arrival_water_star, layout_basic, serial_co_window_serial,
          co_window_paths_a, co_window_corner_a, co_window_paths_a,
          co_window_paths_b, co_window_paths_a, co_window_corner_a,
          co_window_unsneaky_path_b, co_window_corner_b, co_window_corner_ca,
          co_window_corner_b, glass_columns_b, glass_columns_a, glass_columns_a
D:2:      layout_basic, basic_ecumenical_altar, st_stairs_13,
          grunt_ministairs_10, minmay_hexomino_p4
D:3:      layout_basic

Skill      XL: |  1  2  3  4 |
---------------+-------------+-----
Ranged Weapons | 3 4 |  4.4
Fighting       | 2 |  2.2
Dodging        | |  1.5
Spellcasting   | |  1.0
Hexes          | |  2.6

Action                     |  1- 3 |  4- 6 || total
---------------------------+-------+-------++-------
   Fire: Sling             |   101 |    42 ||   143
    Use: Potion            |     2 |     1 ||     3
         Scroll            |       |     5 ||     5
 Armour: Robe              |     8 |       ||     8
         Leather armour    |    34 |     6 ||    40
  Dodge: Dodged            |    51 |    16 ||    67

Table legend:
 A = Non-vault XP
 B = Vault XP
 C = Vault XP percentage of total XP
 D = Non-vault monster count
 E = Vault monster count
 F = Vault count percentage of total count
                 A         B        C        D         E       F
            +---------+---------+-------+---------+---------+-------
      Total |     100 |      46 |  31.5 |      33 |       7 |  17.5
            +---------+---------+-------+---------+---------+-------
        D:1 |      30 |      27 |  47.4 |      16 |       2 |  11.1
        D:2 |      20 |      19 |  48.7 |      10 |       5 |  33.3
        D:3 |      50 |       0 |   0.0 |       7 |       0 |   0.0
            +---------+---------+-------+---------+---------+-------
